 Dungeon Crawl Stone Soup version 0.27.1-1-g398f81649c (webtiles) character file.

Game seed: 438700332035172228

445 Kala the Skirmisher (level 6, -2/57 HPs)
             Began as a Minotaur Fighter on Sept 6, 2021.
             Slain by Duvessa (18 damage)
             ... on level 4 of the Dungeon.
             The game lasted 00:06:30 (3877 turns).

Kala the Skirmisher (Minotaur Fighter)              Turns: 3877, Time: 00:06:31

Health: -2/57      AC:  9    Str: 28    XL:     6   Next: 72%
Magic:  5/5        EV:  7    Int:  5    God:
Gold:   134        SH: 10    Dex: 10    Spells: 5/5 levels left

rFire    . . .     SeeInvis .   a - +0 flail
rCold    . . .     Faith    .   c - +0 kite shield
rNeg     . . .     Spirit   .   j - +0 chain mail
rPois    .         Reflect  .   (helmet restricted)
rElec    .         Harm     .   (no cloak)
rCorr    .         Rampage  .   (no gloves)
Will     .....                  (no boots)
Stlth    ..........             (no amulet)
HPRegen  0.19/turn              o - +6 ring of strength
MPRegen  0.09/turn              (no ring)

@: lit by a corona, glowing
A: horns 2, retaliatory headbutt
a: no special abilities


You were on level 4 of the Dungeon.
You visited 1 branch of the dungeon, and saw 4 of its levels.

You collected 134 gold pieces.

Inventory:

Hand Weapons
 a - a +0 flail (weapon)
Armour
 c - a +0 kite shield (worn)
 j - a +0 chain mail (worn)
Jewellery
 l - an amulet of guardian spirit
 o - a +6 ring of strength (left hand)
 r - a ring of magical power
Wands
 q - a wand of flame (10)
Scrolls
 b - 2 scrolls of enchant armour {unknown}
 e - a scroll of identify {unknown}
 f - a scroll of holy word {unknown}
 g - 4 scrolls of teleportation {unknown}
 h - a scroll of fog {unknown}
 i - a scroll of fear {unknown}
 m - a scroll of summoning {unknown}
 n - a scroll of vulnerability {unknown}
 s - a scroll of amnesia {unknown}
 u - a scroll of enchant weapon {unknown}
Potions
 d - 2 potions of might
 k - a potion of curing {unknown}
 p - a potion of degeneration {unknown}
 t - 3 potions of flight {unknown}
 v - a potion of lignification {unknown}


   Skills:
 * Level 5.8 Fighting
 * Level 5.1 Maces & Flails
 + Level 4.6 Armour
 + Level 2.6 Dodging
 + Level 4.8 Shields


You had 5 spell levels left.
You didn't know any spells.
Your spell library contained the following spells:

 Spells                   Type           Power      Damage    Failure   Level
 Corpse Rot               Necr/Air       N/A        N/A       100%        2
 Dispel Undead            Necr           0%         3d6       100%        4
 Death Channel            Necr           0%         N/A       100%        6


Dungeon Overview and Level Annotations

Branches:
Dungeon (4/15)
 Temple: D:4-7

Altars:

Shops:
D:3 *

Annotations:
D:4 Duvessa


Innate Abilities, Weirdness & Mutations

You have a pair of horns on your head.
You reflexively headbutt those who attack you in melee.


Message History

Duvessa, Sister of Dowan comes into view.
She is wielding a +0 short sword.
Duvessa shouts!
Found a stone staircase leading down.
Dowan hits you with a +0 dagger.
You closely miss Dowan. You headbutt Dowan.
Dowan is lightly wounded.
Dowan hits you but does no damage.
You thump Dowan! Your headbutt misses Dowan.
Dowan is severely wounded.
You block Dowan's attack.
An endoplasm comes into view.
You block Duvessa's attack.
The endoplasm quivers.
You hit Dowan.
Dowan is severely wounded.
Dowan points at you and mumbles some strange words.
You are outlined in light.
Duvessa hits you but does no damage. You block Dowan's attack.
You sock Dowan!
You kill Dowan!
Duvessa screams, "No!
How DARE you!"
Duvessa goes berserk!
You block Duvessa's attack. Duvessa barely misses you.
You thump Duvessa! Your headbutt misses Duvessa.
Duvessa is moderately wounded.
Duvessa hits you with a +0 short sword! Duvessa completely misses you.
Your shield prevents you from hitting Duvessa.
Duvessa is moderately wounded.
Duvessa hits you with a +0 short sword. You block the endoplasm's attack.
Duvessa completely misses you.
The endoplasm hits you but does no damage.
You barely miss Duvessa.
Duvessa is moderately wounded.
Duvessa hits you with a +0 short sword! Duvessa hits you with a +0 short sword.
The endoplasm freezes you.
You are frozen.
* * * LOW HITPOINT WARNING * * *
You are too injured to fight recklessly!
You thump the endoplasm!
You kill the endoplasm!
Duvessa hits you with a +0 short sword!!
You die...

.......... ............
#>..#
............###...#
.............##....
..............#...
..............#...
.................#
...............e)#
.......†.....##.@##
.............###..# ##
..............##..##....
...............#........
..................######
..................#
......#......####.#
.....##.....## ...#
....###.....# ...#


You could see Duvessa (berserk).

Vanquished Creatures
  The ghost of Linguinho the Shield-Bearer, an amateur GrFi (D:3)
  Blork the orc (D:4)
  Dowan (D:4)
  An orc priest (D:3)
  2 orc wizards (D:3)
  6 adders
  3 dart slugs
  8 orcs
  6 endoplasms
  A giant cockroach (D:3)
  6 goblins
  2 hobgoblins (D:3)
  6 jackals
  7 kobolds
  2 quokkas
  3 ball pythons
  7 bats
  3 frilled lizards
  8 rats
74 creatures vanquished.

Vanquished Creatures (others)
  2 plants (D:3)
2 creatures vanquished.

Grand Total: 76 creatures vanquished

Notes
Turn   | Place    | Note
-------+----------+-------------------------------------------
     0 | D:1      | Kala the Minotaur Fighter began the quest for the Orb.
     0 | D:1      | Reached XP level 1. HP: 19/19 MP: 0/0
   268 | D:1      | Found a faded altar of an unknown god.
   352 | D:1      | Reached XP level 2. HP: 27/27 MP: 1/1
   912 | D:2      | Reached XP level 3. HP: 33/33 MP: 2/2
  1191 | D:2      | Reached skill level 1 in Dodging
  1742 | D:3      | Found Dauwn's Assorted Antiques.
  1922 | D:3      | Reached XP level 4. HP: 20/41 MP: 3/3
  2286 | D:3      | Reached XP level 5. HP: 17/47 MP: 4/4
  2541 | D:3      | Reached skill level 5 in Fighting
  2979 | D:3      | Found a runed translucent gate.
  2979 | D:3      | Noticed Linguinho's ghost (amateur GrFi)
  2980 | D:3      | Found a runed translucent gate.
  2980 | D:3      | Found a runed translucent gate.
  3267 | D:3      | Killed Linguinho's ghost
  3268 | D:3      | Reached XP level 6. HP: 44/56 MP: 5/5
  3387 | D:4      | Noticed Blork the orc
  3405 | D:4      | Killed Blork the orc
  3854 | D:4      | Reached skill level 5 in Maces & Flails
  3865 | D:4      | Noticed Dowan
  3865 | D:4      | Noticed Duvessa
  3873 | D:4      | Killed Dowan
  3877 | D:4      | Slain by Duvessa

Illustrated notes

Levels and vault maps discovered:
D:1:      dpeg_arrival_short_road, layout_loops_cross,
          hellmonk_ecumenical_altar_pennies_from_heaven,
          minmay_misc_feat_pillars
D:2:      layout_loops_corners, grunt_ministairs_1, palyth_stone_intersect
D:3:      layout_basic, serial_shops, nicolae_diamond_shop,
          ebering_ghost_rock_garden, chequers_serial_rivers_small_3,
          serial_bayou_pond_d
D:4:      layout_layer_cave, uniq_blork_the_orc, uniq_eustachio,
          uniq_crazy_yiuf_cottage, uniq_duvessa

Skill      XL: |  1  2  3  4  5  6 |
---------------+-------------------+-----
Fighting       | 4 5 |  5.8
Maces & Flails | 3 4 5 |  5.1
Dodging        | 1 2 |  2.6
Armour         | 4 |  4.6
Shields        | 4 |  4.8

Action                   |  1- 3 |  4- 6 || total
-------------------------+-------+-------++-------
Melee: Flail             |    87 |   130 ||   217
       Headbutt          |    14 |    23 ||    37
Armor: Scale mail        |    21 |       ||    21
       Chain mail        |    27 |    66 ||    93
Dodge: Dodged            |    22 |    31 ||    53
Block: Kite shield       |    53 |    53 ||   106
